 Dungeon Crawl Stone Soup version 0.29-a0-845-g6161e89988 (webtiles) character file.

Game seed: 4460978747085101431

63 flyleaff the Shield-Bearer (level 3, 0/31 HPs)
             Began as a Palentonga Fighter on July 16, 2022.
             Slain by an adder (3 damage)
             ... on level 2 of the Dungeon.
             The game lasted 00:03:50 (784 turns).

flyleaff the Shield-Bearer (Palentonga Fighter)      Turns: 784, Time: 00:03:50

Health: 0/31       AC:  8    Str: 18 (21) XL:     3   Next: 89%
Magic:  3/3        EV:  7    Int:  5 (8)  God:
Gold:   81         SH:  4    Dex:  6 (9)  Spells: 2/2 levels left

rFire   . . .      SeeInvis +   d - +1 spear (vamp)
rCold   + . .      Faith    .   c - +0 buckler
rNeg    . . .      Spirit   .   b - +0 scale mail
rPois   .          Reflect  .   (no helmet)
rElec   .          Harm     .   (no cloak)
rCorr   .          Rampage  .   (no gloves)
Will    .....                   (no barding)
Stlth   ..........              (no amulet)
HPRegen 0.00/turn               (no ring)
MPRegen 0.08/turn               (no ring)

@: brilliant, inhibited regen
A: large, rugged brown scales 3, see invisible, deformed body, roll 1, armoured
tail, iridescent scales 1, cold resistance 1, inhibited regeneration
a: Rolling Charge


You were on level 2 of the Dungeon.
You visited 1 branch of the dungeon, and saw 2 of its levels.

You collected 81 gold pieces.

Inventory:

Hand Weapons
 a - a +0 flail
 d - a +1 vampiric spear (weapon)
Armour
 b - a +0 scale mail (worn)
 c - a +0 buckler (worn)
Scrolls
 f - a scroll of teleportation


   Skills:
 - Level 3.0 Fighting
 - Level 2.0 Maces & Flails
 + Level 1.6 Polearms
 - Level 2.4 Armour
 - Level 3.9 Shields


You had 2 spell levels left.
You didn't know any spells.
Your spell library contained the following spells:

 Spells                   Type           Power      Damage    Failure   Level
 Blink                    Tloc           0%         N/A       97%         2
 Summon Guardian Golem    Hex/Summ       0%         N/A       99%         3
 Fireball                 Conj/Fire      0%         3d3       100%        5
 Manifold Assault         Tloc           0%         N/A       100%        5
 Starburst                Conj/Fire      0%         6d3       100%        6
 Orb of Destruction       Conj           0%         9d5       100%        7
 Spellforged Servitor     Conj/Summ      0%         N/A       100%        7
 Storm Form               Tmut/Air       0%         N/A       100%        7
 Ignition                 Fire           0%         3d3       100%        8


Dungeon Overview and Level Annotations

Branches:
Dungeon (2/15)

Altars:

Shops:
D:1 [


Innate Abilities, Weirdness & Mutations

You are completely covered in rugged brown scales. (AC +3, +7% HP)
You have supernaturally acute eyesight. (SInv)
Armour fits poorly on your strangely shaped body.
You can roll at nearby foes to attack.
You have a long armoured tail.
You are partially covered in iridescent scales. (AC +2)
Your flesh is cold resistant. (rC+)
You do not regenerate when monsters are visible.


Message History

Terence is almost dead.
Terence hits you but does no damage.
You hit Terence.
You kill Terence!
Your Polearms skill increases to level 1!
You barely miss the adder. The adder completely misses you.
The adder barely misses you.
You hit the adder.
You feel better.
Your tail-slap misses the adder.
The adder is moderately wounded.
The adder bites you but does no damage.
You closely miss the adder.
The adder is moderately wounded.
You block the adder's attack. The adder bites you but does no damage.
You miss the adder.
The adder is moderately wounded.
You block the adder's attack.
You hit the adder.
The adder is heavily wounded.
The adder bites you but does no damage.
You barely miss the adder.
The adder is heavily wounded.
You block the adder's attack. The adder bites you.
* * * LOW HITPOINT WARNING * * *
It was a potion of brilliance.
You feel clever all of a sudden. The adder bites you but does no damage.
It was a potion of mutation.
You feel extremely strange.
Your regeneration stops near monsters.
You feel resistant to cold.
Iridescent scales grow over part of your body.
The adder bites you but does no damage.
It was a potion of degeneration.
There was something very wrong with that liquid.
You feel weakened.
You feel dopey.
You feel clumsy. The adder bites you.
* * * LOW HITPOINT WARNING * * *
The adder closely misses you.
You barely miss the adder.
The adder is heavily wounded.
The adder bites you.
You die...

############
#)##..........#
####.##.########.#
#............# #.#
..#..##.#.##.# #@#
#...#.#.# #S# #.#.#.#.##
#S#
#.#.#.#.##.###w#####.
###.#.#.#..............#
.....#..#.(......#####.#
#####.####.#.###.# #.# #
#. #.# #.# . #.#


You could see a worm, an adder and a ball python.

Vanquished Creatures
  Terence (D:2)
  A dart slug (D:2)
  3 ball pythons (D:1)
  An endoplasm (D:1)
  3 giant cockroaches (D:1)
  2 goblins (D:1)
  3 hobgoblins (D:1)
  4 jackals (D:1)
  5 kobolds (D:1)
  A quokka (D:1)
  4 bats (D:1)
  A frilled lizard (D:2)
  2 rats (D:1)
31 creatures vanquished.

Notes
Turn   | Place    | Note
-------+----------+-------------------------------------------
     0 | D:1      | flyleaff the Palentonga Fighter began the quest for the
                  | Orb.
     0 | D:1      | Reached XP level 1. HP: 19/19 MP: 1/1
    85 | D:1      | Reached XP level 2. HP: 25/25 MP: 2/2
   262 | D:1      | Found Xaomysh's Armour Shop.
   312 | D:1      | Reached XP level 3. HP: 29/31 MP: 3/3
   751 | D:2      | Noticed Terence
   774 | D:2      | Killed Terence
   775 | D:2      | Reached skill level 1 in Polearms
   782 | D:2      | Gained mutation: You do not regenerate when monsters are
                  | visible. [potion of mutation]
   782 | D:2      | Gained mutation: Your flesh is cold resistant. (rC+)
                  | [potion of mutation]
   782 | D:2      | Gained mutation: You are partially covered in iridescent
                  | scales. (AC +2) [potion of mutation]
   784 | D:2      | Slain by an adder

Illustrated notes

Levels and vault maps discovered:
D:1:      lemuel_arrival_river_bridge, layout_rooms, serial_shops,
          nicolae_shop_crystal
D:2:      layout_loops_ring, ebering_ecumenical_altar_hall, serial_shops,
          nicolae_square_shop, uniq_terence

Skill      XL: |  1  2  3 |
---------------+----------+-----
Shields        | 3 |  3.9
Polearms       | 1 |  1.6
Fighting       | |  3.0
Maces & Flails | |  2.0
Armour         | |  2.4

Action                   || total
-------------------------++-------
Melee: Flail             ||    61
       Tailslap          ||    11
       Spear             ||    30
 Abil: Rolling Charge    ||     2
  Use: Scroll            ||     4
       Potion            ||     4
Armor: Scale mail        ||    54
Dodge: Dodged            ||    41
Block: Buckler           ||    19

Table legend: (Time is in decaauts)
 A = Elapsed time spent in this place.
 B = Non-inter-level travel time spent in this place.
 C = Inter-level travel time spent in this place.
 D = Time resting spent in this place.
 E = Time spent auto-exploring this place.
 F = Levels seen in this place.
 G = Mean time per level.
                   A        B        C        D        E       F      G
               +--------+--------+--------+--------+--------+-----+--------+
         Total |    810 |    800 |     10 |      0 |    591 |   2 |  405.0 |
       Dungeon |    810 |    800 |     10 |      0 |    591 |   2 |  405.0 |
               +--------+--------+--------+--------+--------+-----+--------+

Top non-repeatable levels by time:
     D:1: 680 daAuts
     D:2: 130 daAuts
